 Dungeon Sprint DCSS version 0.30-a0-830-gfe289a77b0 (webtiles) character file.

Game seed: 2911637742247254634

883 rocky1 the Arsonist (level 8, 0/72 HPs)
             Began as a Naga Fire Elementalist on Feb 28, 2023.
             Was the Champion of Cheibriados.
             Slain by a guardian mummy (25 damage)
             ... in the Dungeon (Sprint VII: "The Pits").
             The game lasted 00:04:08 (902 turns).

rocky1 the Arsonist (Naga Fire Elementalist)         Turns: 902, Time: 00:04:09

Health: 0/72       AC:  9    Str: 26    XL:     8   Next: 5%
Magic:  8/20       EV: 13    Int: 36    God:    Cheibriados [******]
Gold:   0          SH:  0    Dex: 26    Spells: 10/23 levels left

rFire   . . .      SeeInvis +    q - +2 halberd (venom)
rCold   . . .      Faith    .    (shield currently unavailable)
rNeg    . . .      Spirit   .    a - +0 robe
rPois   +          Reflect  .    s - +0 helmet
rElec   .          Harm     .    l - +0 cloak
rCorr   .          Rampage  .    r - +0 pair of gloves
Will    +....      NoTele   +    (no barding)
Stlth   ++++                     (no amulet)
HPRegen 0.32/turn                m - +3 ring of intelligence
MPRegen 0.17/turn                n - +3 ring of protection

@: very slow
A: AC +2, large, see invisible, deformed body, poison resistance, slowness 2,
spit poison 1, naga tail 1
a: Spit Poison, Renounce Religion, Bend Time, Temporal Distortion, Slouch, Step
From Time


You were in the Dungeon.
You worshipped Cheibriados.
Cheibriados was exalted by your worship.
You visited 1 branch

Inventory:

Hand Weapons
 g - a +1 quarterstaff of protection
 k - a +2 quarterstaff
 q - a +2 halberd of venom (weapon)
Armour
 a - a +0 robe (worn)
 l - a +0 cloak (worn)
 r - a +0 pair of gloves (worn)
 s - a +0 helmet (worn)
Jewellery
 m - a +3 ring of intelligence (left hand)
 n - a +3 ring of protection (right hand)
Scrolls
 i - 5 scrolls of amnesia
 j - a scroll of summoning
Potions
 b - 5 potions of magic
 c - 6 potions of curing
 d - 9 potions of heal wounds
 e - a potion of haste
 f - 6 potions of berserk rage
 h - 2 potions of invisibility
 o - 2 potions of might
 p - a potion of mutation


   Skills:
 + Level 3.9 Fighting
 + Level 5.1 Staves
 + Level 4.3 Dodging
 + Level 6.7 Stealth
 + Level 8.0 Spellcasting
 + Level 3.3 Conjurations
 + Level 11.0 Fire Magic
 * Level 3.8 Invocations


You had 10 spell levels left.
You knew the following spells:

 Your Spells              Type           Power      Damage    Failure   Level
a - Foxfire               Conj/Fire      100%       2x1d9     1%          1
b - Scorch                Fire           100%       2d10      1%          2
c - Inner Flame           Hex/Fire       53%        N/A       1%          3
d - Kindle Blastsparks    Fire/Tloc/Air  82%        2d16      1%          3
e - Flame Wave            Conj/Fire      60%        2d14      1%          4

Your spell library contained the following spells:

 Spells                   Type           Power      Damage    Failure   Level


Dungeon Overview and Level Annotations

Branches:
Dungeon (1/1)

Altars:
Ashenzari
Cheibriados
Dithmenos
Elyvilon
Fedhas
Gozag
Hepliaklqana
Kikubaaqudgha
Makhleb
Nemelex Xobeh
Okawaru
Qazlal
Ru
Sif Muna
Trog
Uskayaw
Vehumet
Wu Jian
Xom
Yredelemnul
Zin
The Shining One
Jiyva
Lugonu


Innate Abilities, Weirdness & Mutations

Your serpentine skin is tough. (AC +2)
You have supernaturally acute eyesight. (SInv)
Armour fits poorly on your strangely shaped body.
Your system is resistant to poisons. (rPois)
You cover ground very slowly.
You can spit poison.
You have a snake-like lower body.


Message History

The hornet stings you. The guardian mummy barely misses you.
Casting: Scorch (safe; 1% risk of failure)
Confirm with . or Enter, or press ? or * to list all spells.
Flames lash the hornet.
The hornet is heavily wounded.
The hornet's fire resistance burns away.
The hornet stings you!
You feel yourself slow down.
Casting: Scorch (safe; 1% risk of failure)
Confirm with . or Enter, or press ? or * to list all spells.
You conjure some foxfire!
The hornet stings you but does no damage.
The guardian mummy closely misses you. The hornet closely misses you.
The hornet stings you but does no damage.
The guardian mummy hits you!!
Casting: Foxfire (safe; 1% risk of failure)
Confirm with . or Enter, or press ? or * to list all spells.
You conjure some foxfire!
The foxfire hits the guardian mummy but does no damage.
The guardian mummy is heavily damaged.
The hornet barely misses you.
The guardian mummy hits you but does no damage.
The hornet barely misses you.
Casting: Foxfire (safe; 1% risk of failure)
Confirm with . or Enter, or press ? or * to list all spells.
Flames lash the hornet.
The hornet is burned terribly!
The hornet is severely wounded.
You feel yourself speed up.
The foxfire hits the guardian mummy.
The guardian mummy is burned terribly!
The guardian mummy is severely damaged.
The foxfire hits the guardian mummy.
The guardian mummy is burned terribly!
The guardian mummy is severely damaged.
The foxfire hits the guardian mummy.
The guardian mummy is severely damaged.
The hornet closely misses you. The hornet stings you!
The guardian mummy hits you!!
* * * LOW HITPOINT WARNING * * *
You feel much better.
The hornet stings you but does no damage.
The guardian mummy hits you!!
You die...

##.##................+
....'................+
#####......#..#......#
#[[##................#
#))#####'#####''######
#.)##.......##''#####
#))##.......##......#
#..##.......##.ยงยง...#
#'###...<...###.@..##
...##.......# ##My##
...##.......# ....#
#####.......# ......#
#.. ##########......+
#)############......#
#.#....#..[[###....##
#'#.)..#....# ##++##
#.'....'..))#


You could see a guardian mummy (combustible) and a hornet (combustible).

Vanquished Creatures
  A tarantella (D)
  A small abomination (D)
  2 floating eyes (D)
  Pargi (D)
  An ogre (D)
  A wolf (D)
  Crazy Yiuf (D)
  3 adders (D)
  4 ufetubi (D)
  2 worms (D)
  2 endoplasms (D)
  2 goblins (D)
  A bat (D)
  2 kobolds (D)
  A rat (D)
25 creatures vanquished.

Vanquished Creatures (others)
  31 foxfires (D)
31 creatures vanquished.

Grand Total: 56 creatures vanquished

Notes
Turn   | Place    | Note
-------+----------+-------------------------------------------
     0 | D        | rocky1 the Naga Fire Elementalist began the quest for the
                  | Orb.
     0 | D        | Reached XP level 1. HP: 15/15 MP: 3/3
    56 | D        | Found a bloodstained altar of Trog.
    56 | D        | Found a shimmering blue altar of Sif Muna.
    56 | D        | Found a viscous altar of Jiyva.
    56 | D        | Found a hazy altar of Hepliaklqana.
    56 | D        | Found an opulent altar of Gozag.
    57 | D        | Found a glowing golden altar of the Shining One.
    57 | D        | Found a glowing silver altar of Zin.
    57 | D        | Found a basalt altar of Yredelemnul.
    57 | D        | Found a shimmering altar of Xom.
    57 | D        | Found an ornate altar of the Wu Jian Council.
    57 | D        | Found a sacrificial altar of Ru.
    57 | D        | Found a stormy altar of Qazlal.
    57 | D        | Found an iron altar of Okawaru.
    57 | D        | Found a sparkling altar of Nemelex Xobeh.
    57 | D        | Found a burning altar of Makhleb.
    57 | D        | Found a blossoming altar of Fedhas.
    57 | D        | Found a white marble altar of Elyvilon.
    57 | D        | Found a shadowy altar of Dithmenos.
    57 | D        | Found a snail-covered altar of Cheibriados.
    61 | D        | Found a corrupted altar of Lugonu.
    61 | D        | Found a radiant altar of Vehumet.
    62 | D        | Found a broken altar of Ashenzari.
    62 | D        | Found an ancient bone altar of Kikubaaqudgha.
    62 | D        | Found a hide-covered altar of Uskayaw.
    68 | D        | Became a worshipper of Cheibriados the Contemplative
   111 | D        | Reached * piety under Cheibriados
   112 | D        | Reached skill level 4 in Fire Magic
   112 | D        | Reached XP level 2. HP: 22/22 MP: 2/5
   157 | D        | Reached ** piety under Cheibriados
   158 | D        | Reached skill level 5 in Fire Magic
   158 | D        | Reached XP level 3. HP: 17/30 MP: 2/7
   219 | D        | Noticed a floating eye
   222 | D        | Paralysed by a floating eye for 4 turns
   228 | D        | Killed a floating eye
   228 | D        | Reached *** piety under Cheibriados
   229 | D        | Reached skill level 1 in Fighting
   229 | D        | Reached skill level 5 in Stealth
   229 | D        | Reached skill level 7 in Fire Magic
   229 | D        | Reached XP level 4. HP: 39/39 MP: 6/10
   229 | D        | Reached XP level 5. HP: 45/45 MP: 6/11
   230 | D        | Reached **** piety under Cheibriados
   277 | D        | Learned a level 2 spell: Scorch
   287 | D        | Noticed a wolf
   288 | D        | Noticed a floating eye
   288 | D        | Noticed an ogre
   290 | D        | Killed a wolf
   291 | D        | Reached skill level 8 in Fire Magic
   295 | D        | Reached ***** piety under Cheibriados
   295 | D        | Paralysed by a floating eye for 2 turns
   301 | D        | Paralysed by a floating eye for 2 turns
   303 | D        | Killed a floating eye
   304 | D        | Reached skill level 5 in Spellcasting
   304 | D        | Reached skill level 9 in Fire Magic
   304 | D        | Reached XP level 6. HP: 55/55 MP: 0/14
   408 | D        | Noticed Pargi
   414 | D        | Killed Pargi
   415 | D        | Reached XP level 7. HP: 53/62 MP: 7/16
   480 | D        | Reached ****** piety under Cheibriados
   592 | D        | Noticed Crazy Yiuf
   592 | D        | Noticed a tarantella
   592 | D        | Noticed a small abomination
   597 | D        | Killed a tarantella
   597 | D        | Killed a small abomination
   598 | D        | Reached skill level 5 in Staves
   598 | D        | Reached skill level 10 in Fire Magic
   598 | D        | Reached XP level 8. HP: 23/72 MP: 13/20
   757 | D        | Killed Crazy Yiuf
   758 | D        | Reached skill level 11 in Fire Magic
   872 | D        | Learned a level 3 spell: Inner Flame
   876 | D        | Learned a level 3 spell: Kindle Blastsparks
   881 | D        | Learned a level 4 spell: Flame Wave
   893 | D        | Noticed a guardian mummy
   893 | D        | Noticed a hornet
   902 | D        | Slain by a guardian mummy

Illustrated notes

Levels and vault maps discovered:
D:        pitsprint [storerooms_1, entrance_room_1, metal_vault_2, armoury_1,
          mini_pit_1, grid_room_1, main_hall_1, silver_pit, the_coven_2,
          the_vestibule_1, steel_vault_3, golden_pit, hallway_of_sentries,
          crystal_vault_2, iron_vault_4, final_vault]

Skill      XL: |  1  2  3  4  5  6  7  8 |
---------------+-------------------------+-----
Dodging        | 2 3 4 |  4.3
Fire Magic     | 4 5 7 9 10 11 | 11.0
Stealth        | 4 5 6 |  6.7
Spellcasting   | 3 4 5 6 8 |  8.0
Fighting       | 1 2 3 |  3.9
Staves         | 2 3 4 5 |  5.1
Conjurations   | 2 3 |  3.3
Invocations    | 3 |  3.8

Action                     |  1- 3 |  4- 6 |  7- 9 || total
---------------------------+-------+-------+-------++-------
  Melee: Quarterstaff      |     9 |     6 |       ||    15
   Cast: Foxfire           |    11 |     2 |     7 ||    20
         Scorch            |       |    10 |    15 ||    25
 Invoke: Slouch            |       |       |     1 ||     1
Ability: Spit Poison       |     1 |     1 |       ||     2
    Use: Scroll            |     1 |       |       ||     1
         Potion            |       |       |     2 ||     2
 Armour: Robe              |     2 |     3 |     4 ||     9
  Dodge: Dodged            |     5 |     5 |    13 ||    23

Table legend: (Time is in decaauts)
 A = Elapsed time spent in this place.
 B = Non-inter-level travel time spent in this place.
 C = Inter-level travel time spent in this place.
 D = Time resting spent in this place.
 E = Time spent auto-exploring this place.
 F = Levels seen in this place.
 G = Mean time per level.
                   A        B        C        D        E       F      G
               +--------+--------+--------+--------+--------+-----+--------+
         Total |   1205 |   1037 |    168 |    513 |      0 |   1 | 1205.0 |
       Dungeon |   1205 |   1037 |    168 |    513 |      0 |   1 | 1205.0 |
               +--------+--------+--------+--------+--------+-----+--------+

Top non-repeatable levels by time:
       D: 1205 daAuts
